 Dungeon Crawl Stone Soup version 0.30-a0-1163-gf69bf04e7a (webtiles) character file.

Game seed: 10692856824874596117

158 NateTC the Magician (level 5, -2/28 HPs)
             Began as a Deep Elf Earth Elementalist on Apr 29, 2023.
             Slain by a gnoll
             ... wielding a +0 club
              (6 damage)
             ... on level 3 of the Dungeon.
             The game lasted 00:04:32 (2042 turns).

NateTC the Magician (Deep Elf Earth Elementalist)   Turns: 2042, Time: 00:04:32

Health: -2/28      AC:  3    Str:  5    XL:     5   Next: 16%
Magic:  13/13      EV: 12    Int: 22    God:
Gold:   149        SH:  0    Dex: 15    Spells: 8/12 levels left

rFire   . . .        (no weapon)
rCold   . . .        (no shield)
rNeg    . . .        a - +0 robe
rPois   .            (no helmet)
rElec   .            (no cloak)
rCorr   .            h - +0 pair of gloves
SInv    .            (no boots)
Will    .....        d - amulet of magic regeneration
Stlth   ++           (no ring)
HPRegen 0.24/turn    (no ring)
MPRegen 0.53/turn

%: no passive effects
@: no status effects
A: no striking features
a: no special abilities


You were on level 3 of the Dungeon.
You visited 1 branch of the dungeon, and saw 3 of its levels.

You collected 149 gold pieces.

Inventory:

Armour
 a - a +0 robe (worn)
 h - a +0 pair of gloves (worn)
Jewellery
 d - an amulet of magic regeneration (around neck)
Wands
 i - a wand of roots (2)
Scrolls
 k - a scroll of immolation {unknown}
 l - a scroll of enchant armour {unknown}
Potions
 b - a potion of magic
 c - 2 potions of mutation
 e - a potion of berserk rage {unknown}
 f - 4 potions of might {unknown}
 g - a potion of degeneration {unknown}
 j - a potion of curing {unknown}
 m - a potion of brilliance {unknown}


   Skills:
 - Level 2.4 Dodging
 - Level 2.4 Stealth
 + Level 4.4 Spellcasting
 * Level 3.7 Conjurations
 - Level 1.1 Transmutations
 + Level 4.3 Earth Magic


You had 8 spell levels left.
You knew the following spells:

 Your Spells              Type           Power      Damage    Failure   Level
a - Sandblast             Erth           46%        2d11      1%          1
b - Stone Arrow           Conj/Erth      44%        3d9       6%          3

Your spell library contained the following spells:

 Spells                   Type           Power      Damage    Failure   Level
 Passwall                 Tmut/Erth      13%        N/A       5%          2
 Cigotuvi's Dreadful Rot  Necr/Pois/Air  8%         N/A       16%         2
 Dazzling Flash           Conj/Hex       26%        N/A       16%         3
 Volatile Blastmotes      Fire/Tloc      8%         2d10      32%         3
 Petrify                  Tmut/Erth      16%        N/A       34%         4
 Iskenderun's Mystic Bla  Conj/Tloc      13%        2d5       45%         4
 Dispel Undead            Necr           4%         3d7       71%         4
 Death Channel            Necr           2%         N/A       100%        6
 Starburst                Conj/Fire      6%         6d4       100%        6


Dungeon Overview and Level Annotations

Branches:
Dungeon (3/15) Zot: 15918

Altars:
Ashenzari
Makhleb
Sif Muna
Trog
Uskayaw
Wu Jian


Message History

f - 4 blue potions (gained 2)
You now have 141 gold pieces (gained 18).
A giant cockroach comes into view.
A giant cockroach is nearby!
The blast of sand hits the giant cockroach.
You kill the giant cockroach!
You can't see any susceptible monsters within range! (Use Z to cast anyway.)
You can't see any susceptible monsters within range! (Use Z to cast anyway.)
You now have 149 gold pieces (gained 8).
A gnoll comes into view. It is wielding a +0 spear.
Found a scroll of identify.
A gnoll is nearby!
A gnoll is nearby!
A gnoll comes into view. It is wielding a +0 flail.
The gnoll shouts!
You hear a shout!
The blast of sand hits the gnoll.
The gnoll is heavily wounded.
A gnoll comes into view. It is wielding a +0 club.
The blast of sand hits the gnoll!
The gnoll is almost dead.
The gnoll hits you from afar with a +0 spear!
The gnoll barely misses you.
The blast of sand hits the gnoll.
You kill the gnoll!
The gnoll closely misses you.
The gnoll hits you from afar with a +0 spear!
The gnoll attacks as you move away! The gnoll hits you with a +0 club.
You are too injured to fight recklessly!
You are too injured to fight recklessly!
Casting: Sandblast (safe; 1% risk of failure)
Confirm with . or Enter, or press ? or * to list all spells.
Aiming: Sandblast (safe; 1% risk of failure)
Press: ? - help, Shift-Dir - straight line, f - gnoll
Aim: a gnoll, wielding a +0 club (85% to hit)
The blast of sand hits the gnoll.
The gnoll is moderately wounded.
The gnoll hits you from afar with a +0 spear!
* * * LOW HITPOINT WARNING * * *
The gnoll hits you with a +0 club.
You die...

....# .# #.# #..#
.##.# ##.###.####..#
.###.#
#........†...########
.# #.#
#.#####.####.#.......#
.# #.. #.# #.........#
.. ..#
#.#####........# ## ##
#..............#
#.##g..........# ###
#.@g.....).?...# .).
.......##...........#
###
##########...###.####
.....# .# ####.## #
#.# #?#


You could see 2 gnolls.

Vanquished Creatures
  Natasha (thrice) (D:3)
  A gnoll (D:3)
  An adder (D:2)
  A worm (D:2)
  An orc (D:3)
  6 ball pythons
  5 bats
  5 endoplasms
  5 giant cockroaches
  5 goblins
  2 hobgoblins
  2 jackals (D:2)
  8 kobolds
  4 quokkas (D:1)
  3 frilled lizards
  5 rats (D:1)
57 creatures vanquished.

Notes
Turn   | Place    | Note
-------+----------+-------------------------------------------
     0 | D:1      | NateTC the Deep Elf Earth Elementalist began the quest for
                  | the Orb.
     0 | D:1      | Reached XP level 1. HP: 10/10 MP: 6/6
   332 | D:1      | Reached skill level 1 in Conjurations
   373 | D:1      | Reached XP level 2. HP: 15/15 MP: 6/8
   504 | D:1      | Found a faded altar of an unknown god.
   927 | D:1      | Reached XP level 3. HP: 19/19 MP: 8/10
  1751 | D:3      | Learned a level 3 spell: Stone Arrow
  1842 | D:3      | Reached XP level 4. HP: 24/24 MP: 9/11
  1856 | D:3      | Found a bloodstained altar of Trog.
  1859 | D:3      | Found a shimmering blue altar of Sif Muna.
  1866 | D:3      | Found a burning altar of Makhleb.
  1870 | D:3      | Found a broken altar of Ashenzari.
  1871 | D:3      | Found an ornate altar of the Wu Jian Council.
  1876 | D:3      | Found a hide-covered altar of Uskayaw.
  1922 | D:3      | Noticed Natasha
  1927 | D:3      | Killed Natasha
  1942 | D:3      | Noticed Natasha
  1944 | D:3      | Killed Natasha
  1951 | D:3      | Noticed Natasha
  1952 | D:3      | Killed Natasha
  1953 | D:3      | Reached XP level 5. HP: 28/28 MP: 11/13
  2042 | D:3      | Slain by a gnoll

Illustrated notes

Levels and vault maps discovered:
D:1:      dpeg_arrival_renting, layout_loops_corners,
          dilly_ecumenical_altar_fadedgnrine
D:2:      layout_basic
D:3:      layout_loops_ring, nicolae_overflow_hallway_of_the_gods,
          nicolae_goblin_pals, uniq_natasha, uniq_robin

Skill      XL: |  1  2  3  4 |
---------------+-------------+-----
Conjurations   | 1 2 3 |  3.7
Spellcasting   | 4 |  4.4
Earth Magic    | 4 |  4.3
Dodging        | |  2.4
Stealth        | |  2.4
Transmutations | |  1.1

Action                     |  1- 3 |  4- 6 || total
---------------------------+-------+-------++-------
  Melee: Unarmed           |     2 |       ||     2
   Cast: Sandblast         |    65 |    14 ||    79
    Use: Scroll            |     2 |       ||     2
 Armour: Robe              |     2 |       ||     2
  Dodge: Dodged            |    10 |     2 ||    12

Table legend: (Time is in decaauts)
 A = Elapsed time spent in this place.
 B = Non-inter-level travel time spent in this place.
 C = Inter-level travel time spent in this place.
 D = Time resting spent in this place.
 E = Time spent auto-exploring this place.
 F = Levels seen in this place.
 G = Mean time per level.
                   A        B        C        D        E       F      G
               +--------+--------+--------+--------+--------+-----+--------+
         Total |   2080 |   1933 |    147 |    100 |   1257 |   3 |  693.3 |
       Dungeon |   2080 |   1933 |    147 |    100 |   1257 |   3 |  693.3 |
               +--------+--------+--------+--------+--------+-----+--------+

Top non-repeatable levels by time:
     D:1: 1035 daAuts
     D:2: 735 daAuts
     D:3: 309 daAuts
